Map: Rorschach LE

Players

IlIlllIIIllI - Winner!

  • Race: Terran Terran
  • League: Gold

TIOMAU

  • Race: Zerg Zerg
  • League: Diamond

VOD

Have the link to the VOD?

Description

Time

  • Played on: July 5, 2026, 4:36 p.m.
  • Length: 26:35
Show
View Real Time Build Order
Export as new Build Order

IlIlllIIIllI Terran - Winner!

Build Orders:  

Get SALT Encoding   

  8  0:00  SCV  
  9  0:12  SCV  
  10  0:24  SCV  
  11  0:31  Supply Depot  
  11  0:38  SCV  
  12  0:50  SCV  
  13  1:02  SCV  
  14  1:12  Barracks  
  14  1:14  SCV  
  15  1:26  Barracks  
  15  1:27  SCV  
  16  1:39  SCV  
  17  1:42  Supply Depot  
  17  1:51  SCV  
  18  1:56  Supply Depot  
  18  1:59  Marine  
  19  2:08  SCV  
  20  2:16  Marine  
  20  2:18  Barracks  
  21  2:31  Bunker  
  21  2:40  Marine x2  
  23  2:57  Orbital Command  
  23  2:58  Marine x2  
  25  3:09  Bunker  
  25  3:10  Marine  
  26  3:14  Barracks  
  26  3:16  Marine x2  
  28  3:29  Refinery  
  28  3:30  SCV  
  28  3:32  Refinery  
  29  3:41  Supply Depot  
  29  3:43  SCV, Marine x3  
  33  3:56  SCV  
  33  4:01  Marine x3  
  37  4:03  Marine  
  37  4:06  Supply Depot  
  38  4:16  SCV  
  39  4:21  Marine x3  
  39  4:22  Marine  
  43  4:28  SCV  
  44  4:39  Command Center  
  44  4:49  Marine x2  
  44  4:52  Marine x2  
  48  4:57  Supply Depot  
  48  5:07  Marine  
  49  5:20  Factory  
  49  5:28  Factory  
  49  5:31  Supply Depot  
  49  5:54  SCV  
  50  5:58  Engineering Bay  
  50  6:06  SCV  
  50  6:07  Factory Tech Lab  
  50  6:10  Command Center  
  51  6:12  Factory Reactor  
  51  6:19  SCV  
  53  6:30  Planetary Fortress  
  53  6:31  SCV  
  53  6:36  Cyclone  
  56  6:51  Hellion x2  
  60  7:02  Bunker  
  60  7:05  Missile Turret  
  59  7:08  Cyclone  
  56  7:42  Orbital Command  
  56  7:48  Starport  
  56  7:57  Cyclone  
  59  7:59  Hellion x2  
  59  8:01  SCV  
  59  8:04  Refinery  
  64  8:06  SCV  
  64  8:08  SCV  
  66  8:13  SCV  
  66  8:19  SCV  
  68  8:25  SCV  
  69  8:27  SCV  
  69  8:31  SCV  
  71  8:48  SCV x3, Cyclone  
  77  9:00  SCV x2  
  47  9:12  SCV x2, Hellion x2  
  53  9:20  Cyclone  
  53  9:22  Starport  
  53  9:24  Starport Tech Lab  
  56  9:33  SCV  
  56  9:34  Hellion x2  
  56  9:37  Refinery  
  61  9:42  SCV  
  61  9:45  SCV  
  63  9:50  Raven  
  63  9:52  Cyclone  
  68  9:54  SCV  
  68  9:55  Hellion x2  
  68  9:57  SCV  
  74  10:05  Viking  
  74  10:06  SCV  
  74  10:07  Factory  
  77  10:09  SCV  
  78  10:18  SCV  
  79  10:22  SCV  
  79  10:23  Hellion, Supply Depot  
  79  10:24  Cyclone  
  79  10:27  Supply Depot  
  85  10:30  SCV  
  86  10:44  Viking  
  86  10:46  Supply Depot  
  86  10:48  Supply Depot  
  88  10:50  Supply Depot  
  88  10:56  Cyclone  
  91  11:10  Supply Depot  
  91  11:14  Cyclone  
  91  11:16  Hellion x2  
  98  11:28  Cyclone  
  98  11:31  SCV  
  102  11:33  Refinery  
  102  11:36  SCV x2  
  102  11:37  Hellion x2  
  102  11:39  Refinery  
  108  11:40  Supply Depot x2  
  108  11:43  SCV  
  108  11:46  Cyclone, Command Center  
  112  11:48  SCV x2  
  114  11:55  SCV  
  114  11:58  Hellion  
  114  11:59  Hellion  
  114  12:00  SCV, Cyclone  
  119  12:18  Cyclone  
  118  12:32  Cyclone  
  118  12:33  Hellion x2  
  117  12:50  Cyclone  
  119  12:55  Hellion x2  
  123  13:04  Cyclone  
  119  13:10  Infernal Pre-Igniter  
  119  13:11  Mag-Field Accelerator  
  119  13:16  Hellion x2, Starport Tech Lab  
  119  13:22  Cyclone  
  122  13:32  Armory  
  122  13:34  Armory, Planetary Fortress  
  122  13:36  Cyclone  
  122  13:37  Hellion  
  122  13:38  Hellion  
  129  13:41  SCV  
  129  13:42  SCV x2  
  132  13:53  SCV  
  132  13:54  SCV x2, Cyclone  
  138  13:59  Hellion  
  138  14:01  Command Center  
  140  14:05  SCV  
  140  14:06  Command Center, SCV x2  
  140  14:09  Cyclone, Hellion  
  148  14:16  Command Center  
  148  14:17  SCV  
  148  14:18  SCV x2  
  148  14:20  Hellion  
  153  14:26  Cyclone  
  153  14:30  SCV x3, Hellion  
  161  14:41  Cyclone, Hellion  
  166  14:54  Hellion  
  166  14:58  Cyclone  
  171  15:00  Supply Depot  
  171  15:03  SCV  
  171  15:05  Supply Depot  
  172  15:07  Refinery  
  172  15:08  Refinery  
  172  15:12  SCV, Hellion  
  172  15:13  Cyclone  
  178  15:15  SCV, Hellion  
  181  15:22  Supply Depot  
  181  15:25  Orbital Command  
  181  15:27  SCV  
  182  15:29  Supply Depot  
  182  15:30  Cyclone  
  182  15:33  Planetary Fortress  
  182  15:34  Hellion  
  187  15:36  Supply Depot, Hellion  
  187  15:39  SCV  
  187  15:40  SCV x2  
  192  15:45  Cyclone  
  195  15:51  SCV  
  195  15:52  SCV x2  
  195  15:53  SCV  
  199  15:57  SCV  
  200  16:09  Missile Turret  
  200  16:10  Missile Turret  
  200  16:12  Refinery  
  200  16:15  Refinery  
  200  16:18  Planetary Fortress  
  125  16:37  Missile Turret  
  96  16:40  Missile Turret  
  96  16:41  Cyclone x2  
  96  16:43  Hellion x2  
  106  17:04  Hellion x2  
  106  17:05  Missile Turret  
  106  17:08  Fusion Core, Missile Turret, Starport  
  110  17:11  Starport  
  110  17:13  Raven, Cyclone x2  
  110  17:14  Starport Tech Lab  
  119  17:22  SCV  
  119  17:25  Hellion  
  119  17:26  Hellion  
  123  17:35  SCV  
  124  17:44  Command Center  
  124  17:45  Cyclone  
  124  17:46  Cyclone  
  124  17:47  SCV, Hellion x2  
  135  17:58  Weapon Refit  
  135  17:59  SCV  
  135  18:01  Starport Tech Lab  
  135  18:02  Starport Tech Lab  
  135  18:04  Battlecruiser  
  135  18:05  Battlecruiser  
  148  18:08  Hellion  
  148  18:11  SCV  
  148  18:12  Hellion  
  153  18:17  Cyclone  
  153  18:18  Cyclone, Terran Vehicle And Ship Armor Level 1  
  153  18:19  Terran Ship Weapons Level 1  
  159  18:30  Hellion  
  159  18:34  Hellion  
  163  18:50  Cyclone x2, Command Center  
  163  18:51  Hellion  
  163  18:55  Hellion  
  173  19:02  Battlecruiser x2  
  185  19:09  Battlecruiser x2  
  197  19:12  Hellion  
  199  19:26  Engineering Bay  
  124  19:59  Cyclone x2  
  117  20:00  Orbital Command  
  117  20:01  Hellion x2  
  117  20:06  Battlecruiser  
  117  20:07  Battlecruiser  
  129  20:13  Battlecruiser x2  
  138  20:22  Hellion x2  
  142  20:31  Cyclone  
  142  20:32  Cyclone  
  148  20:37  Marine  
  148  20:40  SCV  
  150  20:43  Hellion  
  150  20:44  Hellion  
  148  21:03  Cyclone  
  148  21:04  Cyclone  
  148  21:05  Hellion x2  
  148  21:10  Refinery, Orbital Command  
  148  21:11  Battlecruiser  
  158  21:17  Battlecruiser  
  164  21:26  Hellion x2  
  164  21:27  Battlecruiser x2  
  180  21:36  Cyclone x2  
  180  21:37  SCV  
  187  21:42  Refinery  
  187  21:49  Planetary Fortress  
  187  21:54  SCV  
  188  22:01  SCV  
  188  22:06  SCV  
  188  22:08  Hellion  
  192  22:09  Refinery  
  192  22:13  SCV  
  192  22:15  Cyclone, Hellion  
  200  22:16  Hellion  
  192  22:37  Battlecruiser  
  192  22:40  Hellion  
  200  22:48  Planetary Fortress  
  200  23:02  Terran Vehicle And Ship Armor Level 2  
  200  23:03  Terran Ship Weapons Level 2  
  200  23:06  Refinery  
  139  23:36  Viking  
  139  23:37  Battlecruiser  
  139  23:38  Battlecruiser  
  139  23:40  Hellion x4  
  161  23:41  Battlecruiser  
  167  24:01  Hellion x4  
  169  24:06  Battlecruiser  
  175  24:20  SCV  
  175  24:22  Hellion x2  
  175  24:23  Hellion x2  
  184  24:32  SCV  
  184  24:34  Refinery  
  185  24:42  Battlecruiser x2  
  185  24:43  Neosteel Armor  
  185  24:44  Hellion, SCV  
  200  24:48  Command Center  
  200  25:07  Command Center  
Show
View Real Time Build Order
Export as new Build Order

TIOMAU Zerg 

Build Orders: Pool First, Lurkers 

Get SALT Encoding   

  8  0:01  Drone  
  9  0:11  Drone  
  10  0:24  Overlord  
  10  0:32  Drone  
  10  0:34  Drone  
  12  0:43  Drone  
  12  0:48  Drone  
  14  0:54  Extractor  
  13  0:59  Drone  
  14  1:06  Drone  
  15  1:18  Drone  
  16  1:21  Spawning Pool  
  15  1:26  Drone  
  16  1:36  Drone  
  17  1:48  Drone  
  18  2:00  Hatchery  
  18  2:01  Drone  
  18  2:10  Drone  
  18  2:15  Drone  
  20  2:28  Overlord  
  20  2:34  Overlord  
  20  2:46  Queen, Zergling x2  
  23  2:53  Spine Crawler  
  23  2:57  Zergling x2  
  23  3:05  Zergling x2  
  25  3:06  Spine Crawler  
  25  3:10  Metabolic Boost  
  24  3:21  Zergling x2  
  24  3:22  Lair  
  25  3:27  Overlord  
  25  3:35  Zergling x2  
  26  3:46  Zergling x2  
  27  3:53  Zergling x2  
  28  3:57  Zergling x6  
  31  4:08  Zergling x2  
  32  4:14  Extractor  
  31  4:20  Hatchery, Zergling x2  
  31  4:24  Evolution Chamber, Queen  
  31  4:27  Hydralisk Den  
  29  4:46  Zergling x6  
  32  4:57  Drone  
  33  5:03  Lurker Den  
  32  5:16  Hydralisk  
  32  5:18  Overlord x2  
  34  5:36  Hydralisk x2  
  38  5:43  Hydralisk  
  38  5:44  Hydralisk  
  42  5:52  Drone  
  42  5:54  Drone  
  44  6:07  Drone x2  
  46  6:11  Drone  
  46  6:16  Drone  
  48  6:25  Drone x2  
  50  6:33  Lurker x2  
  50  6:39  Lurker  
  53  6:43  Overlord  
  53  6:49  Drone  
  53  6:50  Drone  
  55  7:01  Lurker  
  38  7:42  Zergling x4  
  38  7:43  Zergling x10  
  45  7:48  Hatchery  
  44  7:51  Spore Crawler  
  44  7:52  Zerg Melee Weapons Level 1, Spore Crawler  
  44  7:57  Drone x3  
  45  8:17  Drone x6  
  51  8:23  Overlord  
  51  8:38  Drone x2  
  51  8:39  Drone x3  
  53  9:18  Hydralisk x3  
  53  9:19  Hydralisk x4  
  53  9:21  Drone x3  
  70  9:29  Queen  
  72  9:38  Baneling Nest  
  72  9:39  Drone x2  
  72  9:40  Drone x3  
  72  9:45  Spore Crawler  
  75  9:46  Spore Crawler  
  75  9:50  Grooved Spines  
  74  9:53  Drone x2  
  74  9:54  Overlord  
  74  9:57  Extractor  
  74  9:59  Extractor  
  73  10:29  Spore Crawler, Drone x3  
  73  10:30  Drone x4, Spore Crawler, Hydralisk x3  
  73  10:32  Overlord x2  
  73  10:34  Centrifugal Hooks  
  84  10:40  Overlord  
  84  10:41  Overlord  
  84  11:00  Zerg Ground Armor Level 1  
  84  11:03  Evolution Chamber  
  83  11:08  Hydralisk x4, Spore Crawler  
  83  11:10  Zergling x6  
  93  11:15  Baneling x4  
  93  11:18  Baneling x2  
  93  11:22  Baneling x4  
  93  11:24  Zergling x4  
  95  11:26  Zergling x2  
  95  11:27  Zergling x2  
  95  11:28  Zergling x2  
  98  11:34  Zerg Missile Weapons Level 1  
  98  11:57  Hatchery  
  94  12:14  Zergling x8  
  94  12:15  Zergling x2  
  99  12:21  Zergling x4  
  99  12:22  Zergling x16  
  93  13:06  Hydralisk x2  
  93  13:07  Hydralisk x4, Zergling x2  
  93  13:08  Zergling x4  
  108  13:17  Drone  
  109  13:28  Infestation Pit  
  109  13:30  Nydus Network  
  107  13:41  Hydralisk x6  
  107  13:44  Spore Crawler, Muscular Augments  
  107  13:45  Spore Crawler, Pneumatized Carapace  
  107  13:47  Zerg Ground Armor Level 2  
  107  13:48  Zerg Missile Weapons Level 2  
  117  13:49  Hydralisk  
  117  13:51  Overlord x3  
  117  14:24  Hydralisk  
  117  14:25  Hydralisk x7  
  117  14:53  Lurker  
  117  14:54  Lurker x5  
  123  15:05  Extractor  
  122  15:07  Extractor  
  121  15:28  Drone x3  
  124  15:31  Drone  
  124  15:32  Drone x2  
  127  15:40  Infestor x2  
  132  15:42  Zergling x2  
  132  15:43  Zergling x8  
  132  15:44  Overlord x2  
  132  15:45  Overlord  
  132  15:49  Hive  
  136  15:56  Neural Parasite  
  136  15:59  Overlord  
  136  16:00  Overlord  
  136  16:07  Hatchery  
  136  16:09  Baneling x4  
  136  16:10  Baneling  
  104  16:47  Hydralisk x3  
  104  16:48  Hydralisk x3  
  104  16:49  Zergling x14  
  104  16:50  Zergling x10  
  128  17:03  Adaptive Talons  
  128  17:06  Nydus Canal  
  128  17:09  Hydralisk x2  
  128  17:11  Hydralisk  
  134  17:26  Baneling x4  
  134  17:27  Baneling x8  
  134  17:28  Baneling, Overseer  
  134  17:36  Drone x4  
  134  17:37  Drone  
  139  17:41  Lurker  
  139  17:43  Lurker  
  141  17:54  Drone x5  
  146  18:04  Unknown  
  146  18:09  Zerg Missile Weapons Level 3  
  146  18:13  Zerg Melee Weapons Level 2  
  146  18:25  Extractor  
  146  18:26  Drone  
  146  18:27  Drone x5, Overlord, Extractor  
  147  18:28  Overlord x2  
  148  19:09  Zergling x6  
  152  19:10  Zergling x18  
  152  19:11  Zergling x10, Hydralisk x4  
  152  19:12  Hydralisk, Zergling x2  
  132  19:59  Hydralisk x2  
  130  20:00  Hydralisk x6, Zergling x12  
  130  20:01  Zergling x4  
  154  20:11  Hydralisk x3  
  154  20:12  Zergling x4  
  160  20:32  Baneling x5  
  160  20:33  Baneling x8  
  160  20:34  Hydralisk x6, Zergling x2  
  160  20:35  Hydralisk, Zergling x6  
  166  21:00  Hydralisk x4  
  166  21:01  Hydralisk x3, Zergling x14  
  165  21:07  Hydralisk  
  165  21:14  Hydralisk x2, Zergling x4  
  171  21:23  Seismic Spines  
  171  21:31  Baneling x3  
  171  21:32  Baneling x2  
  171  21:33  Drone x6  
  171  21:34  Drone x3  
  171  21:35  Overlord x2  
  171  21:38  Overseer x3  
  180  22:01  Hatchery  
  169  22:35  Hydralisk x7  
  169  22:36  Hydralisk x4  
  177  22:37  Infestor  
  177  22:38  Infestor  
  177  22:39  Infestor  
  183  23:05  Hatchery  
  182  23:09  Extractor  
  182  23:10  Extractor  
  114  23:35  Hydralisk x4  
  114  23:36  Hydralisk x8  
  114  23:37  Hydralisk  
  111  24:08  Hydralisk x6  
  111  24:09  Hydralisk  
  116  24:21  Hydralisk x2  
  120  24:48  Hydralisk  
  120  24:49  Hydralisk  
  120  24:51  Hydralisk  
  126  25:14  Hydralisk x4  
  126  25:15  Hydralisk  
  126  25:17  Zergling x6  
  126  25:18  Zergling x16  
  126  25:19  Zergling x16  
  126  25:20  Zergling x4  
  147  25:44  Hydralisk  
  147  25:45  Hydralisk x5, Zergling x8  
  147  25:46  Zergling x10, Hydralisk  
  170  26:08  Hatchery  
Tags
 
Composition
Lurkers
Matchup
TvZ
Opening
Pool First
Add a new tag
Caveats
  • Supply blocks, unpowered buildings, or Contaminate may cause inaccurate times.
  • Supply counts are checked every 10 seconds.